 Dungeon Crawl Stone Soup version 0.31-a0-851-g7ff8af7976 (webtiles) character file.

Game seed: 7049241863865077662

111 Kurtz the Sneak (level 4, -1/35 HPs)
             Began as a Mummy Delver on Oct 6, 2023.
             Slain by a kobold brigand
             ... wielding a +0 whip
              (4 damage)
             ... on level 3 of the Dungeon.
             The game lasted 00:03:04 (2919 turns).

Kurtz the Sneak (Mummy Delver)                      Turns: 2919, Time: 00:03:05

Health: -1/35      AC: 10    Str: 21    XL:     4   Next: 62%
Magic:  4/4        EV:  8    Int:  9    God:
Gold:   186        SH:  0    Dex: 15    Spells: 3/3 levels left

rFire   x . .        a - +0 hand axe
rCold   + . .        (no shield)
rNeg    + + +        j - +0 chain mail
rPois   ∞            q - +0 helmet
rElec   .            o - +0 cloak
rCorr   .            (no gloves)
SInv    .            (no boots)
Will    .....        (no amulet) Stlth
                     r - +6 ring of strength
HPRegen 0.25/turn    (no ring)
MPRegen 0.09/turn

%: faith
@: no status effects
A: cold resistance 1, negative energy resistance 3, torment resistance 2, heat
vulnerability 1, in touch with death 1, no potions, faith
a: no special abilities


You were on level 3 of the Dungeon.
You visited 1 branch of the dungeon, and saw 5 of its levels.

You collected 186 gold pieces.

Inventory:

Hand Weapons
 a - a +0 hand axe (weapon)
Missiles
 s - 2 boomerangs
Armour
 b - a +0 leather armour
 j - a +0 chain mail (worn)
 o - a +0 cloak (worn)
 q - a +0 helmet (worn)
Jewellery
 g - an amulet of faith
 r - a +6 ring of strength (left hand)
Wands
 f - a wand of digging (3)
 i - a wand of charming (15) (quivered)
 t - a wand of roots (5)
Scrolls
 c - a scroll of fog
 d - a scroll of revelation
 e - a scroll of fear
 h - 3 scrolls of teleportation {unknown}
 k - a scroll of noise {unknown}
 l - 2 scrolls of poison {unknown}
 m - 2 scrolls of immolation {unknown}
 n - a scroll of blinking {unknown}
 p - a scroll of identify {unknown}


   Skills:
 - Level 3.0 Fighting
 * Level 4.1 Axes
 - Level 1.5 Dodging
 - Level 4.1 Stealth


You had 3 spell levels left.
You didn't know any spells.
Your spell library contained the following spells:

 Spells                   Type           Power      Damage    Failure   Level
 Lesser Beckoning         Tloc           0%         N/A       99%         2
 Gell's Gravitas          Tloc           0%         N/A       100%        3
 Teleport Other           Tloc           0%         N/A       100%        3


Dungeon Overview and Level Annotations

Branches:
Dungeon (5/15)
 Temple: D:4-7

Altars:


Innate Abilities, Weirdness & Mutations

You are immune to poison.
Your flesh is cold resistant. (rC+)
You are immune to negative energy. (rN+++)
You are immune to unholy pain and torment.
You are vulnerable to heat. (rF-)
You are in touch with the powers of death.
You do not drink.
You have a special connection with the divine. (Faith)


Message History

You hit the kobold brigand but do no damage.
The kobold brigand hits you but does no damage.
You barely miss the kobold brigand.
The kobold brigand hits you but does no damage.
You hit the kobold brigand.
The kobold brigand is lightly wounded.
The kobold brigand hits you but does no damage.
You barely miss the kobold brigand.
The kobold brigand is lightly wounded.
The kobold brigand barely misses you.
The kobold brigand hits you with a +0 whip.
You hit the kobold brigand.
The kobold brigand is lightly wounded.
The kobold brigand hits you with a +0 whip.
You barely miss the kobold brigand.
The kobold brigand is lightly wounded.
The kobold brigand hits you with a +0 whip.
You miss the kobold brigand.
The kobold brigand is lightly wounded.
The kobold brigand hits you with a +0 whip!
You hit the kobold brigand.
The kobold brigand is moderately wounded.
The kobold brigand hits you with a +0 whip.
You are too injured to fight recklessly!
You hit the kobold brigand.
The kobold brigand is moderately wounded.
The kobold brigand hits you with a +0 whip.
You are too injured to fight recklessly!
You hit the kobold brigand but do no damage.
The kobold brigand is moderately wounded.
The kobold brigand hits you with a +0 whip!
* * * LOW HITPOINT WARNING * * *
You hit the kobold brigand.
The kobold brigand is heavily wounded.
The kobold brigand hits you with a +0 whip.
* * * LOW HITPOINT WARNING * * *
You miss the kobold brigand.
The kobold brigand is heavily wounded.
The kobold brigand hits you with a +0 whip.
You die...

#.......### ##.#####..... .. ..#
#####.### #.# #..... #. #.# #<#.#
#.# #..... #.##.# ##.## ##+##
#..... ..#.# #.# ##...## #.....
#.#.# #.# ##.....#####.## ##.#.#
##.## ##.......## #.#.
.....######...####.........###...
...)...........K@'.........+.....
##.##.........####....>....####..
##.##.###.....# ##.......## ##.
..>##.# #.###.# ##.....## ##
.####.# #.# #.# ##...## # .#
#.###.###.# ##+## # .#
#.........# #.# # .#
#####.######### ##.######## # .#
#.#.......# #.........# #


You could see a kobold brigand.

Vanquished Creatures
  A gnoll (D:1)
  3 adders
  3 worms
  6 bats
  5 endoplasms
  5 giant cockroaches
  4 hobgoblins
  4 jackals (D:1)
  8 kobolds
  3 quokkas (D:3)
  7 ball pythons
  5 frilled lizards
  3 goblins
  6 rats
63 creatures vanquished.

Vanquished Creatures (collateral kills)
  2 ball pythons (D:3)
2 creatures vanquished.

Grand Total: 65 creatures vanquished

Notes
Turn   | Place    | Note
-------+----------+-------------------------------------------
     0 | D:5      | Kurtz the Mummy Delver began the quest for the Orb.
     0 | D:5      | Reached XP level 1. HP: 18/18 MP: 1/1
    53 | D:4      | Noticed a scorpion
    93 | D:4      | Noticed a kobold brigand
   167 | D:3      | Reached XP level 2. HP: 13/24 MP: 2/2
   450 | D:1      | Reached XP level 3. HP: 23/29 MP: 3/3
   706 | D:1      | Found a faded altar of an unknown god.
  1508 | D:2      | Reached XP level 4. HP: 35/35 MP: 4/4
  2919 | D:3      | Slain by a kobold brigand

Illustrated notes

Levels and vault maps discovered:
D:1:      scummos_arrival_checkerplants, layout_basic,
          hellmonk_ecumenical_altar_inner_sanctum, minmay_misc_feat_more_columns
D:2:      layout_loops_corners, kennysheep_another_room,
          kennysheep_generic_room_8
D:3:      minmay_bubble_buster, layout_loops_corners, ebering_ghost_rock_garden
D:4:      layout_rooms, kennysheep_cross_room
D:5:      layout_rooms, grunt_temple_overflow_cloverleaf

Skill      XL: |  1  2  3  4 |
---------------+-------------+-----
Axes           | 2 3 4 |  4.1
Fighting       | |  3.0
Dodging        | |  1.5
Stealth        | |  4.1

Action                     |  1- 3 |  4- 6 || total
---------------------------+-------+-------++-------
  Melee: Hand axe          |   134 |   123 ||   257
         Punch             |     5 |       ||     5
  Evoke: Wand              |     5 |       ||     5
 Armour: Leather armour    |    21 |       ||    21
         Chain mail        |   137 |    85 ||   222
  Dodge: Dodged            |    79 |    35 ||   114

Table legend: (Time is in decaauts)
 A = Elapsed time spent in this place.
 B = Non-inter-level travel time spent in this place.
 C = Inter-level travel time spent in this place.
 D = Time resting spent in this place.
 E = Time spent auto-exploring this place.
 F = Levels seen in this place.
 G = Mean time per level.
                   A        B        C        D        E       F      G
               +--------+--------+--------+--------+--------+-----+--------+
         Total |   2952 |   2787 |    165 |     98 |   2003 |   5 |  590.4 |
       Dungeon |   2952 |   2787 |    165 |     98 |   2003 |   5 |  590.4 |
               +--------+--------+--------+--------+--------+-----+--------+

Top non-repeatable levels by time:
     D:2: 1168 daAuts
     D:3: 877 daAuts
     D:1: 803 daAuts
     D:4: 54 daAuts
     D:5: 48 daAuts
